 Dungeon Crawl Stone Soup version 0.23-b1-58-ge3fafae (webtiles) character file.

Game seed: 2763151756726766137

156 Folque the Magician (level 5, -4/34 HPs)
             Began as an Octopode Wizard on Feb 4, 2019.
             Killed by divine providence
             ... invoked by an orc priest
              (17 damage)
             ... on level 3 of the Dungeon.
             The game lasted 00:09:26 (2153 turns).

Folque the Magician (Octopode Wizard)               Turns: 2153, Time: 00:09:28

Health: -4/34      AC:  1    Str:  6 (7)  XL:     5   Next: 38%
Magic:  5/10       EV: 13    Int: 20 (21) God:
Gold:   58         SH:  0    Dex: 10      Spells: 2/10 levels left

rFire    . . .     SeeInvis .   e - +0 spear
rCold    . . .     Gourm    .   (no shield)
rNeg     . . .     Faith    .   a - +0 hat
rPois    .         Spirit   .   (no amulet)
rElec    .         Reflect  .   (no ring)
rCorr    .         Harm     .   (no ring)
MR       .....                  (no ring)
Stlth    +++.......             (no ring)
HPRegen  0.11/turn              (no ring)
MPRegen  0.12/turn              (no ring)
                                (no ring)
                                (no ring)

@: no status effects
A: almost no armour, stealthy swim, amphibious, 8 rings, constrict 8, camouflage
1, gelatinous body 1
a: no special abilities


You were on level 3 of the Dungeon.
You were not hungry.

You visited 1 branch of the dungeon, and saw 3 of its levels.

You collected 58 gold pieces.

Inventory:

Hand Weapons
 d - a +0 whip
 e - a +0 spear (weapon)
Armour
 a - a +0 hat (worn)
Jewellery
 l - an uncursed ring of poison resistance {unknown}
Wands
 k - a wand of random effects (16)
Scrolls
 b - 2 scrolls of enchant weapon {unknown}
 f - a scroll of magic mapping
 i - a scroll of identify {unknown}
 j - a scroll of enchant armour {unknown}
Potions
 g - a potion of resistance {unknown}
 h - 2 potions of curing
 n - a potion of agility {unknown}
 o - a potion of magic {unknown}
Comestibles
 c - 4 rations


   Skills:
 - Level 2.0 Fighting
 * Level 2.5 Dodging
 - Level 3.1 Stealth
 - Level 3.4 Spellcasting
 + Level 2.0 Conjurations
 - Level 1.0 Summonings
 - Level 1.0 Translocations
 - Level 1.0 Air Magic
 * Level 2.8 Poison Magic


You had 2 spell levels left.
You knew the following spells:

 Your Spells              Type           Power        Failure   Level  Hunger
a - Magic Dart            Conj           ##..         6%          1    None
b - Call Imp              Summ           #.......     14%         2    ##.....
c - Blink                 Tloc           N/A          14%         2    ##.....
d - Mephitic Cloud        Conj/Pois/Air  ##......     19%         3    ###....

Your spell library contained the following spells:

 Spells                   Type           Power        Failure   Level  Hunger
 Slow                     Hex            #.......     21%         2    ##.....
 Conjure Flame            Conj/Fire      #.......     26%         3    ###....


Dungeon Overview and Level Annotations

Branches:
Dungeon (3/15)

Altars:
Makhleb
Okawaru
Vehumet


Innate Abilities, Weirdness & Mutations

You cannot wear most types of armour.
You are very stealthy in the water. (Stealth+)
You are amphibious.
You can wear up to eight rings at the same time.
You can use your tentacles to constrict eight enemies at once.
Your skin changes colour to match your surroundings (Stealth+).
Your rubbery body absorbs attacks. (AC +1, EV +1)


Message History

m - a chunk of flesh You see here an orc skeleton.
Eating a chunk of flesh.
You eat the chunk of flesh.
This raw flesh tastes terrible.
You swap places.
You feel sick.
You are no longer poisoned.
Your crimson imp disappears in a puff of smoke! x2
The orc priest is too close now for your liking.
Casting: Magic Dart (safe; 6% risk of failure)
Confirm with . or Enter, or press ? or * to list all spells.
Aiming: Magic Dart (safe; 6% risk of failure)
Press: ? - help, Shift-Dir - straight line, f - orc priest
Aim: an orc priest, wielding a +0 flail of protection (hasn't noticed you)
The magic dart hits the orc priest.
The orc priest is lightly wounded.
The orc priest shouts!
The orc priest mumbles some strange prayers to Beogh against you.
Beogh smites you!
Ouch! That really hurt!
You die...

###.#### #.#****,**,*****,*,,,* #
#.# #####..,..o,**,## *,*,,,* #
#.# #.....###..,,,..#***,*,,,* #
#.# #.....#*#.#**#..,,,,..,,,,
###.####......,...,..#****#..,,,,
)......#....§###.##.#*,,,....,,,,
)..(##.#.......#.#.#**,*#...#....
#.g....#.#***#§#..##%#*#.........
#.##...#.#####.#@....##...#......
#.##.....##.....######...##......
#...........##..........###......
##.##.##.#...#.).................
#.###..........###....####.......
##,*####.####### ####.####(......
**,**#.## #.#.........# **,#.#*
#.#.##..##... *#.#* #.#.##..###.#


You could see an orc priest.

Vanquished Creatures
  2 adders (D:3)
  4 gnolls (D:3)
  An ooze (D:1)
  2 dart slugs (D:1)
  2 leopard geckos
  2 orcs (D:3)
  2 giant cockroaches (D:3)
  11 goblins
  3 hobgoblins (D:1)
  9 kobolds
  A quokka (D:2)
  6 bats
  3 frilled lizards
  6 rats
54 creatures vanquished.

Vanquished Creatures (collateral kills)
  A jelly (D:2)
  3 adders
  A worm (D:3)
  A giant cockroach (D:3)
  A kobold (D:2)
  A rat (D:2)
8 creatures vanquished.

Grand Total: 62 creatures vanquished

Notes
Turn   | Place    | Note
-------+----------+-------------------------------------------
     0 | D:1      | Folque the Octopode Wizard began the quest for the Orb.
     0 | D:1      | Reached XP level 1. HP: 11/11 MP: 4/4
    74 | D:1      | Reached skill level 1 in Fighting
    74 | D:1      | Reached XP level 2. HP: 15/18 MP: 0/6
   333 | D:1      | Reached XP level 3. HP: 7/24 MP: 7/7
   565 | D:1      | Learned a level 2 spell: Call Imp
   568 | D:1      | Learned a level 2 spell: Blink
  1087 | D:2      | Learned a level 3 spell: Mephitic Cloud
  1108 | D:2      | Reached XP level 4. HP: 20/29 MP: 3/9
  1175 | D:2      | Reached skill level 1 in Poison Magic
  1715 | D:3      | Reached XP level 5. HP: 18/34 MP: 1/10
  1805 | D:3      | Reached skill level 1 in Air Magic
  2066 | D:3      | Found a radiant altar of Vehumet.
  2066 | D:3      | Found an iron altar of Okawaru.
  2067 | D:3      | Found a burning altar of Makhleb.
  2153 | D:3      | Killed from afar by an orc priest

Skill      XL: |  1  2  3  4  5 |
---------------+----------------+-----
Fighting       | 1 2 |  2.0
Conjurations   | 2 |  2.0
Poison Magic   | 2 |  2.8
Stealth        | 3 |  3.1
Air Magic      | 1 |  1.0
Dodging        | |  2.5
Spellcasting   | |  3.4
Summonings     | |  1.0
Translocations | |  1.0

Action                   |  1- 3 |  4- 6 || total
-------------------------+-------+-------++-------
Melee: Unarmed           |     6 |       ||     6
       Tentacles         |     8 |     6 ||    14
       Spear             |    92 |    77 ||   169
       Whip              |    11 |       ||    11
       Constrict         |    17 |    10 ||    27
 Cast: Magic Dart        |    10 |     7 ||    17
       Call Imp          |     3 |    13 ||    16
       Mephitic Cloud    |       |     3 ||     3
  Use: Potion            |     2 |       ||     2
       Scroll            |       |     3 ||     3
 Stab: Sleeping          |     9 |     4 ||    13
       Distracted        |     1 |       ||     1
       Confused          |       |     1 ||     1
  Eat: Chunk             |     1 |     4 ||     5
Armor: Skin              |    14 |     4 ||    18
Dodge: Dodged            |    56 |    41 ||    97
